General information
- name: BNet
- type: Ladder team game (AT/RT)
- host: Battle.net
- saver: TYROD-2-BROWNS
map: TwilightRuins
- players: 8
- length: 37:27
- speed: Fast
- version: 1.28 W3XP
- replay type: Public
» download(368 KB)
Players
team 1 (winner)
RogerShrubbr (
red | 62 APM | 1827 actions | 29:31)
5 Demon Hunter
3 Evasion
2 Mana Burn
3 Keeper of the Grove
2 Entangling Roots
1 Thorns Aura
2 Priestess of the Moon
1 Trueshot Aura
1 Searing Arrows
» actions
| Assign group hotkey | 33 | |
| Basic commands | 251 | |
| Build / train | 97 | |
| ESC pressed | 4 | |
| Enter build submenu | 42 | |
| Enter hero's abilities submenu | 10 | |
| Give item / drop item | 2 | |
| Right click | 345 | |
| Select / deselect | 184 | |
| Select group hotkey | 781 | |
| Use ability | 78 | |
1827 total
» units
| Wisp | 53 | |
| Huntress | 3 | |
| Hippogryph | 4 | |
| Archer | 6 | |
66 total
» upgrades
| Strength of the Moon | 3 | |
| Moon Armor | 3 | |
| Ultravision | 1 | |
| Improved Bows | 1 | |
| Hippogryph Taming | 1 | |
| Marksmanship | 1 | |
| Well Spring | 1 | |
| Nature's Blessing | 1 | |
12 total
» buildings
| Altar of Elders | 1 | |
| Moon Well | 7 | |
| Tree of Life | 5 | |
| Ancient of War | 2 | |
| Hunter's Hall | 1 | |
| Tree of Ages | 1 | |
| Ancient of Wonders | 1 | |
| Ancient of Wind | 3 | |
| Tree of Eternity | 1 | |
| Ancient Protector | 20 | |
42 total
» build order
00:13 Altar of Elders
00:27 Moon Well
00:42 Moon Well
01:17 Moon Well
02:40 Tree of Life
02:58 Ancient of War
02:59 Ancient of War
03:19 Hunter's Hall
06:26 Tree of Ages
06:33 Moon Well
06:35 Moon Well
08:10 Moon Well
08:13 Ancient of Wonders
08:53 Ancient of Wind
08:54 Ancient of Wind
08:54 Ancient of Wind
11:22 Tree of Eternity
12:54 Tree of Life
13:21 Moon Well
13:33 Tree of Life
15:59 Ancient Protector
16:00 Ancient Protector
16:00 Ancient Protector
16:01 Ancient Protector
18:04 Ancient Protector
18:04 Ancient Protector
18:05 Ancient Protector
18:06 Ancient Protector
21:18 Ancient Protector
21:19 Ancient Protector
21:19 Ancient Protector
21:35 Ancient Protector
22:11 Ancient Protector
22:12 Ancient Protector
22:13 Ancient Protector
22:13 Ancient Protector
22:16 Ancient Protector
23:11 Tree of Life
25:38 Tree of Life
26:31 Ancient Protector
26:58 Ancient Protector
27:09 Ancient Protector
» items
| Scroll of Town Portal | 1 | |
| Orb of Venom | 1 | |
2 total

»
mulhaminator54 (
orange | 29 APM | 1056 actions | 36:36)
5 Crypt Lord
3 Carrion Beetles
2 Spiked Carapace
4 Death Knight
2 Death Coil
2 Unholy Aura
» actions
| Assign group hotkey | 10 | |
| Basic commands | 10 | |
| Build / train | 56 | |
| Enter build submenu | 33 | |
| Enter hero's abilities submenu | 9 | |
| Right click | 440 | |
| Select / deselect | 297 | |
| Select group hotkey | 148 | |
| Use ability | 53 | |
1056 total
» units
| Acolyte | 8 | |
| Ghoul | 4 | |
| Crypt Fiend | 2 | |
| Frost Wyrm | 13 | |
27 total
» upgrades
| Freezing Breath | 1 | |
| Creature Carapace | 3 | |
| Creature Attack | 3 | |
7 total
» buildings
| Altar of Darkness | 1 | |
| Ziggurat | 12 | |
| Graveyard | 1 | |
| Crypt | 3 | |
| Nerubian Tower | 2 | |
| Halls of the Dead | 1 | |
| Spirit Tower | 2 | |
| Black Citadel | 1 | |
| Sacrificial Pit | 2 | |
| Boneyard | 3 | |
| Necropolis | 2 | |
| Tomb of Relics | 1 | |
31 total
» build order
00:09 Altar of Darkness
00:13 Ziggurat
00:51 Graveyard
01:08 Crypt
01:34 Ziggurat
02:18 Nerubian Tower
03:41 Halls of the Dead
04:48 Ziggurat
05:32 Spirit Tower
07:03 Black Citadel
07:10 Sacrificial Pit
07:16 Ziggurat
07:40 Ziggurat
07:42 Ziggurat
07:45 Ziggurat
08:17 Sacrificial Pit
08:21 Ziggurat
08:50 Spirit Tower
08:54 Ziggurat
09:04 Ziggurat
09:28 Boneyard
09:31 Boneyard
09:33 Boneyard
09:50 Nerubian Tower
12:34 Necropolis
12:45 Tomb of Relics
31:20 Crypt
31:26 Crypt
31:30 Ziggurat
31:34 Ziggurat
32:12 Necropolis
» items
| Scroll of Town Portal | 2 | |
| Scroll of Healing | 2 | |
| Rod of Necromancy | 1 | |
5 total
sleepworking (
blue | 120 APM | 4489 actions | 37:27)
5 Archmage
3 Summon Water Elemental
2 Brilliance Aura
4 Pandaren Brewmaster
2 Breath of Fire
2 Drunken Haze
4 Mountain King
2 Storm Bolt
2 Bash
» actions
| Assign group hotkey | 123 | |
| Basic commands | 257 | |
| Build / train | 176 | |
| Enter build submenu | 50 | |
| Enter hero's abilities submenu | 13 | |
| Give item / drop item | 6 | |
| Remove unit from queue | 1 | |
| Right click | 1383 | |
| Select / deselect | 660 | |
| Select group hotkey | 1522 | |
| Use ability | 298 | |
4489 total
» units
| Peasant | 13 | |
| Footman | 6 | |
| Goblin Shredder | 2 | |
| Rifleman | 6 | |
| Priest | 3 | |
| Sorceress | 4 | |
| Spell Breaker | 1 | |
| Goblin Zeppelin | 2 | |
| Goblin Sapper | 5 | |
| Dragonhawk Rider | 3 | |
| Gryphon Rider | 1 | |
46 total
» upgrades
| Masonry | 3 | |
| Swords | 3 | |
| Gunpowder | 3 | |
| Long Rifles | 1 | |
| Sorceress Training | 2 | |
| Priest Training | 2 | |
| Armor | 3 | |
| Plating | 3 | |
| Control Magic | 1 | |
| Lumber Harvesting | 1 | |
| Storm Hammers | 1 | |
| Cloud | 1 | |
| Strength of the Wild | 1 | |
| Reinforced Hides | 1 | |
26 total
» buildings
| Altar of Kings | 1 | |
| Barracks | 2 | |
| Farm | 13 | |
| Lumber Mill | 1 | |
| Arcane Vault | 1 | |
| Town Hall | 3 | |
| Scout Tower | 21 | |
| Keep | 2 | |
| Arcane Tower | 2 | |
| Guard Tower | 24 | |
| Blacksmith | 1 | |
| Castle | 2 | |
| Arcane Sanctum | 2 | |
| Gryphon Aviary | 2 | |
77 total
» build order
00:53 Altar of Kings
00:54 Barracks
00:58 Farm
01:04 Farm
01:16 Farm
01:36 Lumber Mill
02:06 Arcane Vault
02:17 Farm
03:53 Town Hall
03:57 Scout Tower
04:45 Keep
04:45 Keep
05:14 Arcane Tower
05:14 Arcane Tower
05:17 Scout Tower
05:18 Scout Tower
05:20 Scout Tower
05:24 Scout Tower
05:55 Guard Tower
06:12 Guard Tower
06:25 Guard Tower
06:25 Guard Tower
06:35 Guard Tower
06:35 Guard Tower
06:35 Guard Tower
06:48 Blacksmith
07:08 Scout Tower
07:16 Scout Tower
07:17 Scout Tower
08:25 Castle
08:26 Castle
08:30 Scout Tower
08:31 Scout Tower
08:34 Scout Tower
09:04 Guard Tower
09:04 Guard Tower
09:08 Guard Tower
09:08 Guard Tower
09:29 Arcane Sanctum
09:30 Arcane Sanctum
09:36 Barracks
11:01 Farm
11:02 Farm
12:44 Farm
12:44 Farm
12:45 Farm
12:47 Farm
12:58 Guard Tower
12:59 Guard Tower
18:39 Farm
18:40 Farm
21:46 Gryphon Aviary
21:47 Gryphon Aviary
23:34 Farm
23:40 Scout Tower
23:41 Scout Tower
23:42 Scout Tower
23:44 Scout Tower
23:45 Scout Tower
23:46 Scout Tower
23:47 Scout Tower
24:26 Guard Tower
24:26 Guard Tower
24:58 Guard Tower
24:58 Guard Tower
24:59 Guard Tower
26:16 Guard Tower
26:17 Guard Tower
26:19 Scout Tower
26:20 Scout Tower
26:20 Scout Tower
27:11 Guard Tower
27:11 Guard Tower
32:03 Guard Tower
32:03 Guard Tower
36:54 Town Hall
37:07 Town Hall
» items
| Scroll of Regeneration | 6 | |
| Mechanical Critter | 8 | |
| Boots of Speed | 2 | |
| Periapt of Vitality | 2 | |
| Circlet of Nobility | 1 | |
| Scroll of Town Portal | 2 | |
| Staff of Sanctuary | 1 | |
| Staff of Teleportation | 2 | |
| Pendant of Energy | 1 | |
| Claws of Attack +9 | 1 | |
| Potion of Greater Healing | 1 | |
| Talisman of Evasion | 1 | |
| Ring of Regeneration | 1 | |
| Orb of Corruption | 2 | |
| Potion of Lesser Invulnerability | 1 | |
| Orb of Lightning | 1 | |
| Orb of Venom | 1 | |
34 total
God'sGoodBuddy (
green | 55 APM | 2044 actions | 37:27)
6 Blademaster
3 Wind Walk
2 Critical Strike
1 Bladestorm
» actions
| Assign group hotkey | 38 | |
| Basic commands | 174 | |
| Build / train | 85 | |
| Enter build submenu | 52 | |
| Enter hero's abilities submenu | 7 | |
| Give item / drop item | 3 | |
| Remove unit from queue | 3 | |
| Right click | 802 | |
| Select / deselect | 414 | |
| Select group hotkey | 297 | |
| Use ability | 167 | |
2044 total
» units
| Peon | 12 | |
| Grunt | 6 | |
| Goblin Shredder | 1 | |
| Troll Witch Doctor | 2 | |
| Goblin Sapper | 4 | |
| Wind Rider | 9 | |
34 total
» upgrades
| Reinforced Defenses | 1 | |
| Spiked Barricades | 1 | |
| Armor | 3 | |
| Witch Doctor Training | 1 | |
| Ensnare | 1 | |
| Liquid Fire | 1 | |
| Ranged Weapons | 3 | |
| Melee Weapons | 1 | |
| Pillage | 1 | |
| Envenomed Spears | 1 | |
14 total
» buildings
| Orc Burrow | 7 | |
| Altar of Storms | 1 | |
| Barracks | 1 | |
| Voodoo Lounge | 3 | |
| War Mill | 2 | |
| Stronghold | 1 | |
| Watch Tower | 27 | |
| Fortress | 1 | |
| Great Hall | 2 | |
| Spirit Lodge | 1 | |
| Beastiary | 6 | |
52 total
» build order
00:12 Orc Burrow
00:54 Orc Burrow
01:04 Altar of Storms
01:10 Barracks
01:34 Voodoo Lounge
02:13 War Mill
03:31 Stronghold
03:59 Watch Tower
04:19 Orc Burrow
04:31 Watch Tower
04:35 Watch Tower
04:37 Watch Tower
07:04 Fortress
07:11 Great Hall
07:15 Watch Tower
07:15 Watch Tower
07:16 Watch Tower
07:20 Watch Tower
08:13 Watch Tower
08:14 Watch Tower
08:55 Watch Tower
09:00 Watch Tower
10:13 Watch Tower
10:13 Watch Tower
10:16 Watch Tower
10:28 Watch Tower
10:28 Watch Tower
10:29 Watch Tower
10:37 Watch Tower
10:43 Watch Tower
13:05 Voodoo Lounge
13:53 Watch Tower
13:54 Watch Tower
14:02 Watch Tower
14:03 Watch Tower
14:06 Watch Tower
14:06 Watch Tower
14:07 Watch Tower
14:12 Voodoo Lounge
14:48 Spirit Lodge
15:15 Beastiary
15:15 Beastiary
15:28 War Mill
21:04 Beastiary
21:24 Beastiary
21:24 Beastiary
21:40 Beastiary
21:52 Orc Burrow
21:54 Orc Burrow
21:57 Orc Burrow
22:01 Orc Burrow
31:54 Great Hall
» items
| Healing Salve | 4 | |
| Boots of Speed | 1 | |
| Staff of Teleportation | 1 | |
| Lesser Clarity Potion | 2 | |
| Potion of Mana | 2 | |
| Orb of Lightning | 1 | |
| Scroll of Town Portal | 6 | |
| Potion of Healing | 4 | |
| Tiny Great Hall | 2 | |
| Periapt of Vitality | 2 | |
25 total
team 2 (loser)

»
EDS121617 (
pink | 115 APM | 3942 actions | 34:25)
5 Death Knight
3 Death Coil
2 Unholy Aura
3 Lich
1 Frost Armor
2 Frost Nova
» actions
| Assign group hotkey | 26 | |
| Basic commands | 150 | |
| Build / train | 95 | |
| ESC pressed | 10 | |
| Enter build submenu | 31 | |
| Enter hero's abilities submenu | 8 | |
| Give item / drop item | 9 | |
| Right click | 2020 | |
| Select / deselect | 449 | |
| Select group hotkey | 966 | |
| Use ability | 177 | |
3942 total
» units
| Acolyte | 12 | |
| Ghoul | 12 | |
| Crypt Fiend | 8 | |
| Goblin Zeppelin | 1 | |
| Goblin Sapper | 1 | |
| Obsidian Statue | 4 | |
| Frost Wyrm | 6 | |
44 total
» upgrades
| Creature Attack | 1 | |
| Creature Carapace | 3 | |
| Web | 1 | |
| Burrow | 1 | |
| Freezing Breath | 1 | |
7 total
» buildings
| Crypt | 1 | |
| Ziggurat | 14 | |
| Altar of Darkness | 1 | |
| Tomb of Relics | 2 | |
| Graveyard | 1 | |
| Halls of the Dead | 2 | |
| Necropolis | 1 | |
| Nerubian Tower | 2 | |
| Spirit Tower | 4 | |
| Black Citadel | 1 | |
| Slaughterhouse | 1 | |
| Sacrificial Pit | 1 | |
| Boneyard | 2 | |
33 total
» build order
00:09 Crypt
00:12 Ziggurat
00:14 Altar of Darkness
01:10 Tomb of Relics
01:37 Ziggurat
04:42 Graveyard
05:09 Ziggurat
05:11 Ziggurat
05:15 Ziggurat
05:16 Halls of the Dead
05:17 Halls of the Dead
05:51 Ziggurat
05:52 Tomb of Relics
05:54 Ziggurat
05:56 Necropolis
06:35 Nerubian Tower
06:36 Spirit Tower
06:38 Nerubian Tower
06:40 Spirit Tower
06:50 Spirit Tower
07:40 Black Citadel
08:52 Slaughterhouse
08:54 Sacrificial Pit
09:01 Spirit Tower
10:26 Boneyard
10:28 Boneyard
18:23 Ziggurat
18:23 Ziggurat
18:25 Ziggurat
18:47 Ziggurat
19:05 Ziggurat
19:06 Ziggurat
19:56 Ziggurat
» items
| Rod of Necromancy | 4 | |
| Potion of Healing | 2 | |
| Orb of Corruption | 1 | |
| Scroll of Town Portal | 4 | |
| Dust of Appearance | 1 | |
| Scroll of Healing | 10 | |
22 total
|c0017202AAnger (
teal | 72 APM | 1490 actions | 20:46)
3 Mountain King
1 Storm Bolt
2 Bash
» actions
| Basic commands | 49 | |
| Build / train | 80 | |
| Enter build submenu | 40 | |
| Enter hero's abilities submenu | 3 | |
| Give item / drop item | 4 | |
| Remove unit from queue | 4 | |
| Right click | 850 | |
| Select / deselect | 394 | |
| Use ability | 66 | |
1490 total
» units
| Peasant | 15 | |
| Footman | 3 | |
| Goblin Shredder | 1 | |
| Goblin Zeppelin | 2 | |
| Rifleman | 4 | |
| Mortar Team | 3 | |
| Siege Engine | 9 | |
37 total
» upgrades
| Masonry | 3 | |
| Gunpowder | 2 | |
| Flare | 1 | |
| Fragmentation Shards | 1 | |
| Barrage | 1 | |
| Plating | 2 | |
10 total
» buildings
| Altar of Kings | 1 | |
| Farm | 12 | |
| Barracks | 1 | |
| Scout Tower | 18 | |
| Arcane Tower | 3 | |
| Lumber Mill | 1 | |
| Arcane Vault | 2 | |
| Guard Tower | 9 | |
| Town Hall | 1 | |
| Keep | 1 | |
| Blacksmith | 1 | |
| Castle | 1 | |
| Workshop | 3 | |
54 total
» build order
00:12 Altar of Kings
00:21 Farm
00:55 Barracks
01:07 Farm
01:32 Scout Tower
01:49 Farm
02:03 Arcane Tower
02:03 Arcane Tower
02:28 Lumber Mill
03:18 Farm
03:51 Arcane Vault
04:02 Scout Tower
04:10 Scout Tower
04:12 Scout Tower
04:15 Scout Tower
04:32 Guard Tower
04:51 Town Hall
04:54 Scout Tower
05:06 Guard Tower
05:40 Guard Tower
05:55 Arcane Tower
06:24 Keep
06:49 Blacksmith
07:23 Scout Tower
07:47 Guard Tower
08:02 Scout Tower
08:03 Scout Tower
08:05 Scout Tower
08:07 Scout Tower
08:31 Guard Tower
08:33 Guard Tower
08:34 Guard Tower
08:35 Guard Tower
08:39 Scout Tower
09:08 Guard Tower
09:54 Castle
09:57 Workshop
10:19 Farm
10:34 Workshop
10:37 Workshop
10:49 Farm
11:13 Farm
11:14 Farm
12:11 Arcane Vault
13:10 Farm
13:38 Farm
13:38 Farm
15:43 Farm
19:48 Scout Tower
19:49 Scout Tower
19:50 Scout Tower
19:52 Scout Tower
19:57 Scout Tower
19:58 Scout Tower
» items
| Scroll of Regeneration | 2 | |
| Lesser Clarity Potion | 1 | |
| Boots of Speed | 1 | |
| Potion of Lesser Invulnerability | 1 | |
| Staff of Teleportation | 1 | |
| Potion of Healing | 2 | |
| Rod of Necromancy | 1 | |
| Orb of Fire | 1 | |
| Scroll of Town Portal | 2 | |
12 total

»
GBD (
purple | 53 APM | 1073 actions | 20:13)
2 Death Knight
1 Death Coil
1 Unholy Aura
4 Dark Ranger
2 Black Arrow
2 Silence
» actions
| Assign group hotkey | 34 | |
| Basic commands | 47 | |
| Build / train | 64 | |
| Enter build submenu | 22 | |
| Enter hero's abilities submenu | 7 | |
| Give item / drop item | 1 | |
| Right click | 233 | |
| Select / deselect | 187 | |
| Select group hotkey | 425 | |
| Use ability | 53 | |
1073 total
» units
| Acolyte | 20 | |
| Ghoul | 5 | |
| Crypt Fiend | 5 | |
| Gargoyle | 4 | |
34 total
» upgrades
| Creature Attack | 2 | |
| Web | 1 | |
| Creature Carapace | 2 | |
5 total
» buildings
| Altar of Darkness | 1 | |
| Ziggurat | 10 | |
| Crypt | 5 | |
| Tomb of Relics | 1 | |
| Nerubian Tower | 2 | |
| Graveyard | 1 | |
| Halls of the Dead | 1 | |
| Black Citadel | 1 | |
| Spirit Tower | 5 | |
| Sacrificial Pit | 1 | |
| Necropolis | 2 | |
30 total
» build order
00:11 Altar of Darkness
00:14 Ziggurat
00:35 Crypt
01:10 Tomb of Relics
01:25 Ziggurat
01:32 Nerubian Tower
02:29 Graveyard
03:24 Halls of the Dead
05:28 Ziggurat
05:51 Ziggurat
06:18 Ziggurat
06:19 Ziggurat
06:19 Ziggurat
07:46 Black Citadel
08:10 Spirit Tower
08:11 Spirit Tower
08:13 Nerubian Tower
09:12 Spirit Tower
10:29 Sacrificial Pit
11:01 Necropolis
11:02 Necropolis
11:20 Spirit Tower
11:49 Spirit Tower
14:11 Crypt
14:12 Crypt
15:36 Crypt
15:37 Crypt
17:41 Ziggurat
17:42 Ziggurat
19:38 Ziggurat
» items
| Boots of Speed | 1 | |
| Scroll of Town Portal | 2 | |
| Potion of Healing | 2 | |
| Potion of Mana | 1 | |
| Dust of Appearance | 1 | |
7 total
TYROD-2-BROWNS (
yellow | 60 APM | 2245 actions | 37:27)
7 Blademaster
3 Wind Walk
2 Critical Strike
1 Bladestorm
1 Mirror Image
» actions
| Assign group hotkey | 41 | |
| Basic commands | 57 | |
| Build / train | 65 | |
| Enter build submenu | 43 | |
| Enter hero's abilities submenu | 6 | |
| Give item / drop item | 3 | |
| Right click | 814 | |
| Select / deselect | 276 | |
| Select group hotkey | 496 | |
| Use ability | 444 | |
2245 total
» units
| Peon | 11 | |
| Goblin Shredder | 4 | |
| Wind Rider | 5 | |
| Goblin Sapper | 5 | |
| Troll Batrider | 9 | |
| Raider | 1 | |
35 total
» upgrades
| Reinforced Defenses | 1 | |
| Ranged Weapons | 2 | |
| Liquid Fire | 1 | |
| Envenomed Spears | 1 | |
| Ensnare | 1 | |
| Armor | 2 | |
| Melee Weapons | 1 | |
9 total
» buildings
| Altar of Storms | 1 | |
| Orc Burrow | 10 | |
| Voodoo Lounge | 1 | |
| Stronghold | 1 | |
| War Mill | 1 | |
| Great Hall | 1 | |
| Watch Tower | 44 | |
| Fortress | 2 | |
| Beastiary | 3 | |
64 total
» build order
00:08 Altar of Storms
00:18 Orc Burrow
00:46 Voodoo Lounge
02:12 Stronghold
02:23 War Mill
02:34 Orc Burrow
02:35 Orc Burrow
02:36 Orc Burrow
03:51 Great Hall
05:18 Watch Tower
05:19 Watch Tower
05:19 Watch Tower
05:19 Watch Tower
05:20 Watch Tower
05:49 Watch Tower
05:57 Fortress
05:57 Fortress
06:42 Watch Tower
06:46 Watch Tower
06:49 Watch Tower
06:55 Watch Tower
07:03 Beastiary
07:19 Beastiary
08:09 Watch Tower
08:29 Beastiary
08:35 Watch Tower
08:37 Watch Tower
09:01 Watch Tower
09:08 Watch Tower
09:43 Watch Tower
10:18 Watch Tower
10:20 Watch Tower
10:21 Watch Tower
11:39 Watch Tower
11:43 Orc Burrow
11:50 Watch Tower
14:06 Orc Burrow
14:13 Watch Tower
14:57 Watch Tower
14:59 Watch Tower
15:00 Watch Tower
15:01 Watch Tower
15:26 Watch Tower
15:48 Watch Tower
17:02 Watch Tower
17:22 Orc Burrow
17:59 Watch Tower
18:00 Watch Tower
18:31 Watch Tower
20:07 Watch Tower
20:07 Watch Tower
21:07 Watch Tower
25:04 Watch Tower
25:05 Watch Tower
25:05 Watch Tower
25:06 Watch Tower
25:07 Watch Tower
25:07 Watch Tower
25:34 Watch Tower
25:36 Watch Tower
25:37 Watch Tower
35:38 Orc Burrow
35:41 Orc Burrow
35:44 Orc Burrow
» items
| Healing Salve | 2 | |
| Staff of Teleportation | 1 | |
| Potion of Lesser Invulnerability | 1 | |
| Orb of Lightning | 1 | |
| Scroll of Town Portal | 2 | |
7 total
Chat log
(00:05 / Allies) GBD: sup
(00:27 / All) God'sGoodBuddy: IM BAD AT LOOOVVVEE
(00:29 / All) God'sGoodBuddy: OO OO
(00:33 / All) God'sGoodBuddy: BUT U CANT BLAME ME FOR TRYIN
(00:59 / All) God'sGoodBuddy: this is a dyke song
(01:12 / All) RogerShrubbr: what is love? baby dont hurt me
(05:29 / Allies) EDS121617: yellow trade u
(05:32 / Allies) EDS121617: claws
(05:33 / Allies) EDS121617: for ring
(05:39 / Allies) TYROD-2-BROWNS: thx
(07:03 / Allies) |c0017202AAnger: so any help
(07:10 / Allies) GBD: umm its a farm
(07:13 / Allies) GBD: i can tp to mains
(07:16 / Allies) |c0017202AAnger: yep true
(07:24 / Allies) GBD: ill give you the 80
(07:30 / Allies) GBD: will tp there
(08:07 / Allies) EDS121617: lol
(08:47 / Allies) TYROD-2-BROWNS: wood plz
(08:48 / Allies) GBD: that grunt cost my mine
(09:03 / Allies) TYROD-2-BROWNS: thx
(10:02 / Allies) GBD: red inc
(10:38 / Allies) TYROD-2-BROWNS: lets kill reds expo
(10:50 / Allies) TYROD-2-BROWNS: ill get sappers
(11:15 / Allies) GBD: lol
(11:58 / Allies) TYROD-2-BROWNS: reds expo come
(12:00 / Allies) TYROD-2-BROWNS: ill get sappers
(12:03 / Allies) GBD: gold me
(12:23 / Allies) GBD: gold me or gg
(13:58 / Allies) GBD: so orange all frost
(14:03 / Allies) GBD: green has nothing which means bats?
(14:14 / Allies) GBD: going gargs
(14:24 / Allies) TYROD-2-BROWNS: im getting bats so dont go gargs
(14:29 / Allies) |c0017202AAnger: tank
(15:09 / Allies) GBD: currently we are going nothgin
(15:19 / Allies) GBD: anyone hav units?
(15:25 / Allies) |c0017202AAnger: i do
(15:30 / Allies) GBD: caues i just got hit 3 places
(15:34 / Allies) |c0017202AAnger: yellw mass tower
(15:49 / Allies) GBD: so yellow has nothign?
(15:55 / Allies) TYROD-2-BROWNS: uh i have 80 food
(16:04 / Allies) GBD: you have nothing
(16:10 / Allies) TYROD-2-BROWNS: come teal lets hit red
(16:12 / Allies) GBD: if you are just creeping greens while we die
(17:31 / Allies) EDS121617: yellow
(17:34 / Allies) EDS121617: where those bats?
(17:36 / Allies) GBD: yellow? are you playing or sucking dick?
(17:42 / Allies) |c0017202AAnger: sucking dick
(18:09 / Allies) |c0017202AAnger: just bsing i htink
(18:10 / Allies) EDS121617: never thought purrple actually woudlnt be the worst teammamte
(18:51 / Allies) TYROD-2-BROWNS: send tanks to red!
(18:56 / Allies) GBD: green has had zero units
(19:20 / Allies) GBD: and im just trying to keep gold
(20:03 / Allies) GBD: this is gg
(20:07 / Allies) |c0017202AAnger: yeah
(20:08 / Allies) EDS121617: yeah dumb game
(20:09 / Allies) GBD: yellow is playing like its dota
(20:10 / All) GBD: gg
(20:11 / Allies) |c0017202AAnger: bs
(20:13 / All) God'sGoodBuddy: raped
(20:14 / All) God'sGoodBuddy: noob
(21:40 / All) sleepworking: everyone leaving when game just started
(22:00 / Allies) TYROD-2-BROWNS: my friends are on other team so im not gonna lose nigger lawl
(22:07 / All) God'sGoodBuddy: he unsummoned? WTF?
(22:13 / Allies) EDS121617: figured
(22:16 / Allies) EDS121617: why u play like a nooob
(22:21 / Allies) TYROD-2-BROWNS: u can leave
(22:24 / Allies) TYROD-2-BROWNS: or stay and watch
(24:13 / All) sleepworking: 5/3/3 heroes and no one to use them on
(26:33 / All) TYROD-2-BROWNS: oj down
(26:58 / All) TYROD-2-BROWNS: nice job oj lawl
(27:00 / All) TYROD-2-BROWNS: lose all ur shit
(27:06 / All) TYROD-2-BROWNS: make their job easier
(27:16 / All) mulhaminator54: lol thats cute
(27:25 / All) mulhaminator54: u think that matters we won
(27:30 / All) TYROD-2-BROWNS: oh I C
(28:17 / All) TYROD-2-BROWNS: wood plz
(28:28 / All) RogerShrubbr: blue and green tkers
(28:30 / All) mulhaminator54: lmao
(28:37 / All) sleepworking: Green tked you dumbass
(28:37 / All) TYROD-2-BROWNS: proof?
(28:40 / All) sleepworking: I'm saying to kill him
(29:06 / All) RogerShrubbr: blue and green tk
(29:11 / All) TYROD-2-BROWNS: not true
(29:15 / All) TYROD-2-BROWNS: i owned u guys 1v4
(30:08 / All) God'sGoodBuddy: lawl that was cool as shit
(30:14 / All) God'sGoodBuddy: side by side with our wyverns and bm
(30:15 / All) God'sGoodBuddy: s
(30:18 / All) God'sGoodBuddy: enemy teams
(30:19 / All) TYROD-2-BROWNS: pink is still here 100%
(30:24 / All) TYROD-2-BROWNS: hes in denial
(30:28 / All) TYROD-2-BROWNS: knows im his superior
(31:38 / All) TYROD-2-BROWNS: i gained 4 levels int eh fight vs oj
(31:55 / All) God'sGoodBuddy: Yeah
(32:21 / All) TYROD-2-BROWNS: pink is 14-4
(33:09 / All) TYROD-2-BROWNS: oh pink is using purp
(33:38 / All) TYROD-2-BROWNS: nice try son
(34:09 / All) TYROD-2-BROWNS: kill my shit son
(34:32 / All) God'sGoodBuddy: Bad news orange
(34:33 / All) sleepworking: orange
(34:35 / All) sleepworking: Bad luck for you
(36:40 / All) God'sGoodBuddy: lawl
(36:42 / All) God'sGoodBuddy: pink lose?
(36:55 / All) God'sGoodBuddy: yeah pink lose
(37:01 / All) TYROD-2-BROWNS: gonna attack blue base with bm then leave
(37:23 / All) TYROD-2-BROWNS: maphack?
(37:27 / All) God'sGoodBuddy: yes